 Dungeon Crawl Stone Soup version 0.30-a0-782-ge64f9170bb (webtiles) character file.

Game seed: 6003011051558671587

29 mopl the Vexing (level 3, 0/19 HPs)
             Began as a Deep Elf Enchanter on Mar 14, 2023.
             Slain by a jackal (3 damage)
             ... on level 2 of the Dungeon.
             The game lasted 00:01:36 (406 turns).

mopl the Vexing (Deep Elf Enchanter)                 Turns: 406, Time: 00:01:36

Health: 0/19       AC:  2    Str:  5    XL:     3   Next: 1%
Magic:  3/10       EV: 12    Int: 21    God:
Gold:   58         SH:  0    Dex: 15    Spells: 7/9 levels left

rFire   . . .      SeeInvis .    a - +1 dagger
rCold   . . .      Faith    .    (no shield)
rNeg    . . .      Spirit   .    b - +0 robe
rPois   .          Reflect  .    (no helmet)
rElec   .          Harm     .    (no cloak)
rCorr   .          Rampage  .    (no gloves)
Will    .....                    (no boots)
Stlth   +++                      (no amulet)
HPRegen 0.23/turn                (no ring)
MPRegen 0.12/turn                (no ring)

@: no status effects
A: no striking features
a: no special abilities


You were on level 2 of the Dungeon.
You visited 1 branch of the dungeon, and saw 2 of its levels.

You collected 58 gold pieces.

Inventory:

Hand Weapons
 a - a +1 dagger (weapon)
Armour
 b - a +0 robe (worn)
Potions
 c - 2 potions of invisibility
 d - a potion of cancellation {unknown}


   Skills:
 + Level 1.6 Short Blades
 - Level 2.4 Dodging
 + Level 4.1 Stealth
 + Level 3.5 Spellcasting
 + Level 4.4 Hexes


You had 7 spell levels left.
You knew the following spells:

 Your Spells              Type           Power      Damage    Failure   Level
b - Ensorcelled Hibernat  Hex/Ice        24%        N/A       8%          2

Your spell library contained the following spells:

 Spells                   Type           Power      Damage    Failure   Level
 Confusing Touch          Hex            22%        N/A       6%          3
 Tukima's Dance           Hex            22%        N/A       6%          3
 Apportation              Tloc           6%         N/A       13%         1
 Necrotise                Necr           12%        1d4       13%         1
 Summon Small Mammal      Summ           12%        N/A       13%         1
 Dazzling Flash           Conj/Hex       24%        N/A       16%         3


Dungeon Overview and Level Annotations

Branches:
Dungeon (1/15)

Altars:


Message History

The jackal closely misses you.
You closely miss the jackal.
The jackal is almost dead.
The jackal bites you.
* * * LOW HITPOINT WARNING * * *
You closely miss the jackal.
The jackal is almost dead.
The jackal barely misses you. x2
You completely miss the jackal.
The jackal is almost dead.
The jackal bites you.
* * * LOW HITPOINT WARNING * * *
You hit the jackal.
You kill the jackal!
You have reached level 3!
Your experience leads to an increase in your attributes!
Increase (S)trength, (I)ntelligence, or (D)exterity?
You feel clever. x2
Casting: Ensorcelled Hibernation (safe; 8% risk of failure)
Confirm with . or Enter, or press ? or * to list all spells.
Aiming: Ensorcelled Hibernation (safe; 8% risk of failure)
Press: ? - help, Shift-Dir - straight line, f - you, p - jackal That would be overly suicidal.
Okay, then.
Unknown command.
Casting: Ensorcelled Hibernation (safe; 8% risk of failure)
Confirm with . or Enter, or press ? or * to list all spells.
Aiming: Ensorcelled Hibernation (safe; 8% risk of failure)
Press: ? - help, Shift-Dir - straight line, f - jackal
Aim: a jackal (not susceptible)
Okay, then.
Unknown command.
You closely miss the jackal. The jackal barely misses you.
The jackal bites you.
* * * LOW HITPOINT WARNING * * *
You aren't carrying any items that you can evoke.
You have nothing you can fire or use right now.
Unknown command.
You barely miss the jackal. The jackal bites you.
You die...

#.....# #.#
#.##..# #.#
##.##..# #.#
...#..###.######
#..#...........#
#..#.####.####.#
###..#......#
#.#
.......######
#†# ###..#)#..
#@# #..#.#
#.#####h# #..#.#
#.......#####
####.#
###.........#
... #.#######.#
### #. .. ##. ..


You could see a jackal.

Vanquished Creatures
  An adder (D:2)
  3 endoplasms
  2 giant cockroaches (D:1)
  A goblin (D:1)
  2 hobgoblins (D:1)
  2 jackals (D:2)
  3 kobolds (D:1)
  A ball python (D:1)
  A rat (D:1)
16 creatures vanquished.

Notes
Turn   | Place    | Note
-------+----------+-------------------------------------------
     0 | D:1      | mopl the Deep Elf Enchanter began the quest for the Orb.
     0 | D:1      | Reached XP level 1. HP: 10/10 MP: 6/6
   146 | D:1      | Reached XP level 2. HP: 15/15 MP: 8/8
   149 | D:1      | Learned a level 2 spell: Ensorcelled Hibernation
   202 | D:1      | Reached skill level 4 in Stealth
   344 | D:1      | You fall into a shaft and drop 1 floor!
   405 | D:2      | Reached XP level 3. HP: 3/19 MP: 3/10
   406 | D:2      | Slain by a jackal

Illustrated notes

Levels and vault maps discovered:
D:1:      dpeg_arrival_orchard, layout_loops_cross
D:2:      layout_basic, uniq_jessica

Skill      XL: |  1  2 |
---------------+-------+-----
Stealth        | 4 |  4.1
Short Blades   | |  1.6
Dodging        | |  2.4
Spellcasting   | |  3.5
Hexes          | |  4.4

Action                     || total
---------------------------++-------
  Melee: Dagger            ||    66
         Punch             ||     1
   Cast: Ensorcelled Hiber ||     7
   Stab: Sleeping          ||     9
 Armour: Robe              ||     6
  Dodge: Dodged            ||    34

Table legend: (Time is in decaauts)
 A = Elapsed time spent in this place.
 B = Non-inter-level travel time spent in this place.
 C = Inter-level travel time spent in this place.
 D = Time resting spent in this place.
 E = Time spent auto-exploring this place.
 F = Levels seen in this place.
 G = Mean time per level.
                   A        B        C        D        E       F      G
               +--------+--------+--------+--------+--------+-----+--------+
         Total |    402 |    402 |      0 |     46 |    217 |   2 |  201.0 |
       Dungeon |    402 |    402 |      0 |     46 |    217 |   2 |  201.0 |
               +--------+--------+--------+--------+--------+-----+--------+

Top non-repeatable levels by time:
     D:1: 341 daAuts
     D:2: 60 daAuts
